 Dungeon Crawl Stone Soup version 0.31-a0-16-g6d2539766c (webtiles) character file.

Game seed: 11446005721556317115

53834 ytrimaz the Tortoise (level 15, 119/119 HPs)
             Began as a Meteoran Fighter on May 8, 2023.
             Was an Elder of Ashenzari.
             Quit the game on level 2 of the Orcish Mines.
             The game lasted 00:22:36 (9511 turns).

ytrimaz the Tortoise (Meteoran Fighter)             Turns: 9511, Time: 00:22:37

Health: 119/119    AC: 29    Str: 26      XL:     15   Next: 52%
Magic:  30/30      EV: 13    Int: 16 (17) God:    Ashenzari [****..]
Gold:   1144       SH:  7    Dex: 24      Spells: 32/35 levels left

rFire   + . .        a - +0 war axe (freeze)
rCold   . . .        c - +0 buckler of the Unyielding Gaze {Self, Elem} (curse)
rNeg    + . .        r - +0 plate armour
rPois   +            o - +2 helmet "Ennui of Ashenzari" {Melee, Bglg} (curse)
rElec   .            X - +0 cloak of the Fated Henotheism {rF+ rN+ Slay+2 Stlth+, Elem, Self} (curse)
rCorr   .            l - +0 pair of gloves
SInv    +            Z - +1 pair of boots
Will    +....        P - amulet "Revealing Foul Odours" {Contam Drain Regen+ Str+9 Dex+8, Comp, Fort} (curse) Stlth
                     f - ring of Ashenzari's Sorrow {EV+5, Cun, Elem} (curse)
HPRegen 1.19/turn    L - ring "Ensconced Stickiness" {rPois, Melee, Elem} (curse)
MPRegen 0.22/turn

%: clarity
@: glowing
A: sense surroundings 2, otherworldly, glowing, explore regen
a: Renounce Religion, Curse Item, Shatter the Chains


You were on level 2 of the Orcish Mines.
You worshipped Ashenzari.
Ashenzari was greatly pleased with you.
You visited 4 branches of the dungeon, and saw 18 of its levels.
You also visited: Ossuary.

You collected 1144 gold pieces.


Innate Abilities, Weirdness & Mutations

You passively map the area around you.
You are easily found by Zot.
You glow in the dark.
You regain HP and MP as you explore.


   Skills:
 + Level 15.2(17.8) Fighting
 - Level 14.9(17.5) Axes
 - Level 18.6(20.2) Armour
 - Level 3.6(5.2) Shields
 - Level 8.1(10.9) Spellcasting
 - Level 5.6(7.4) Translocations
 - Level 3.3(7.0) Air Magic


You had 32 spell levels left.
You knew the following spells:

 Your Spells              Type           Power      Damage    Failure   Level
a - Vhi's Electric Charg  Tloc/Air       62%        N/A       8%          3

Your spell library contained the following spells:

 Spells                   Type           Power      Damage    Failure   Level
 Lesser Beckoning         Tloc           64%        N/A       3%          2
 Gell's Gravitas          Tloc           32%        N/A       7%          3
 Teleport Other           Tloc           32%        N/A       7%          3
 Swiftness                Air            31%        N/A       8%          3
 Volatile Blastmotes      Fire/Tloc      42%        2d13      26%         3
 Kiss of Death            Conj/Necr      36%        2d8       41%         1
 Magic Dart               Conj           36%        1d4       41%         1
 Slow                     Hex            36%        N/A       41%         1
 Mephitic Cloud           Conj/Pois/Air  16%        N/A       47%         3
 Ensorcelled Hibernation  Hex/Ice        20%        N/A       52%         2
 Call Imp                 Summ           18%        N/A       54%         2
 Passwall                 Tmut/Erth      7%         N/A       54%         2
 Iskenderun's Mystic Bla  Conj/Tloc      20%        2d6       69%         4
 Confusing Touch          Hex            9%         N/A       78%         3
 Dazzling Flash           Conj/Hex       18%        N/A       78%         3
 Vampiric Draining        Necr           9%         2d6       78%         3
 Arcjolt                  Conj/Air       10%        1d20      96%         5
 Dispel Undead            Necr           9%         3d8       99%         4
 Leda's Liquefaction      Hex/Erth       5%         N/A       99%         4
 Lee's Rapid Deconstruct  Erth           5%         3d6*      100%        5
 Plasma Beam              Fire/Air       10%        2x1d23    100%        6
 Starburst                Conj/Fire      5%         6d4       100%        6
 Statue Form              Tmut/Erth      6%         N/A       100%        6

Inventory:

Hand Weapons
 a - a +0 war axe of freezing (weapon)
 e - a +2 hand axe of freezing
   (You found it on level 2 of the Dungeon)
 n - a +0 hand axe of electrocution
   (You took it off an orc on level 6 of the Dungeon)
 B - a +0 battleaxe
   (You took it off an orc warrior on level 6 of the Dungeon)
 W - a +0 broad axe of chaos
   (You found it on level 3 of the Lair of Beasts)
Armour
 b - a +0 scale mail
 c - the cursed +0 buckler of the Unyielding Gaze (worn) {Self, Elem}

   It has a curse which improves the following skills: Introspection: Fighting
   and Spellcasting.
   Elements:  Fire Magic, Ice Magic, Air Magic and Earth Magic.
 l - a +0 pair of gloves (worn)
   (You found it on level 2 of the Dungeon)
 o - the cursed +2 helmet "Ennui of Ashenzari" (worn) {Melee, Bglg}
   (You found it on level 6 of the Dungeon)

   It has a curse which improves the following skills: Melee Combat: Short
   Blades, Long Blades, Axes, Maces & Flails, Polearms, Staves and Unarmed
   Combat.
   Beguiling: Conjurations, Hexes and Translocations.
 r - a +0 plate armour (worn)
   (You found it on level 2 of the Dungeon)
 s - a +1 helmet
   (You found it on level 3 of the Dungeon)
 O - the +3 ring mail of Pessimism {Int+6}
   (You found it on level 7 of the Dungeon)

   Int:       It affects your intelligence (+6).
 Q - a +2 kite shield
   (You found it on level 5 of the Lair of Beasts)
 X - the cursed +0 cloak of the Fated Henotheism (worn) {rF+ rN+ Slay+2 Stlth+, Elem, Self}
   (You acquired it on level 4 of the Lair of Beasts)

   Slay:      It affects your accuracy & damage with ranged weapons and melee
   (+2).
   rF:        It protects you from fire.
   rN:        It protects you from negative energy.
   Stlth:     It makes you more stealthy.
   It has a curse which improves the following skills: Elements: Fire Magic, Ice
   Magic, Air Magic and Earth Magic.
   Introspection: Fighting and Spellcasting.
 Y - a +2 troll leather armour {Snorg}
   (You found it on level 4 of the Lair of Beasts)
 Z - a +1 pair of boots (worn)
   (You found it on level 4 of the Lair of Beasts)
Jewellery
 f - the cursed ring of Ashenzari's Sorrow (left hand) {EV+5, Cun, Elem}
   (You found it on level 1 of the Dungeon)

   [ring of evasion]

   EV:        It affects your evasion (+5).
   It has a curse which improves the following skills: Cunning: Dodging and
   Stealth.
   Elements:  Fire Magic, Ice Magic, Air Magic and Earth Magic.
 i - a ring of wizardry
   (You found it on level 1 of the Dungeon)
 t - a ring of protection from fire
   (You found it on level 3 of the Dungeon)
 v - a ring of protection from cold
   (You found it on level 4 of the Dungeon)
 L - the cursed ring "Ensconced Stickiness" (right hand) {rPois, Melee, Elem}
   (You found it on level 7 of the Dungeon)

   [ring of poison resistance]

   rPois:     It protects you from poison.
   It has a curse which improves the following skills: Melee Combat: Short
   Blades, Long Blades, Axes, Maces & Flails, Polearms, Staves and Unarmed
   Combat.
   Elements:  Fire Magic, Ice Magic, Air Magic and Earth Magic.
 P - the cursed amulet "Revealing Foul Odours" (around neck) {Contam Drain Regen+ Str+9 Dex+8, Comp, Fort}
   (You found it on level 7 of the Dungeon)

   [amulet of regeneration]

   Str:       It affects your strength (+9).
   Dex:       It affects your dexterity (+8).
   Contam:    It causes magical contamination when unequipped.
   Regen:     It increases your rate of health regeneration.
   Drain:     It drains your maximum health when unequipped.
   It has a curse which improves the following skills: Companions: Summonings
   and Necromancy.
   Fortitude: Armour and Shields.
 U - an amulet of reflection
   (You found it on level 1 of the Lair of Beasts)
Wands
 y - a wand of roots (36)
   (You found it on level 5 of the Dungeon)
 J - a wand of polymorph (14)
   (You found it on level 7 of the Dungeon)
 N - a wand of flame (33)
   (You found it on level 7 of the Dungeon)
 R - a wand of charming (8)
   (You found it on level 8 of the Dungeon)
 T - a wand of digging (14)
   (You found it on level 1 of the Lair of Beasts)
 V - a wand of quicksilver (7)
   (You found it on level 3 of the Lair of Beasts)
Scrolls
 h - 4 scrolls of fog
 j - 5 scrolls of magic mapping
 q - a scroll of vulnerability
 w - 3 scrolls of teleportation
 z - 8 scrolls of identify
 A - 2 scrolls of silence
 F - 2 scrolls of enchant weapon
 H - a scroll of enchant armour
 I - a scroll of blinking
 K - 2 scrolls of amnesia
 M - 4 scrolls of poison
 S - a scroll of fear
Potions
 d - 2 potions of might
 g - 2 potions of flight
 k - 6 potions of lignification
 m - 2 potions of magic
 p - 3 potions of berserk rage
 u - 3 potions of resistance
 x - 2 potions of attraction
 C - a potion of heal wounds
 D - 6 potions of curing
 E - 2 potions of brilliance
 G - a potion of haste

Dungeon Overview and Level Annotations

Branches:
Dungeon (10/15) Zot: 505   Temple (0/1) D:6            Lair (5/5) D:8 Zot: 44
 Shoals (0/4) Lair:2        Snake (1/4) Lair:2 Zot: 550   Slime (0/5) Lair:5
    Orc (2/2) D:10 Zot: 853 Ossuary (visited)
    Elf: Orc:2

Altars:
Ashenzari
Cheibriados
Fedhas
Gozag
Kikubaaqudgha
Makhleb
Qazlal
Ru
Sif Muna
Uskayaw
Vehumet
Wu Jian
Xom
Jiyva

Shops:
D:8 ?   D:10 [   Orc:2 =*(

Portals:
Trove: D:10 (give 15 scrolls of teleportation)

Annotations:
D:4 1 transporter, Pimp's ghost, amateur HOFi
Orc:2 1 runed translucent door, patfeehan111222's ghost, journeyman DsBe

.....)....#....###...........<...
.......†.)..)..#*#...............
.......)......###................
.........).....#.................
.....##+##)......................
...#.#$W(#)))...#.$..............
...#.##.##.....#.#.........##....
#. . ###.....#...#........ ##.#.
# #,........#..@..# , ,,, *..
*#........#...#....., , ,
,#.........#.#...... , ,
,............#....... ,,
.#...#.............., ,,, , , *
,#...####.#......... ,, ,, ,, ..,
...#,.......* ,,,, , ,, ,, ##.#
..#.$.., , , , * ,,,,, * * *,, ,,
* , ,


There were no monsters in sight!


Message History

You kill the orc warrior!
You slash the warg! You freeze the warg. You hit the ogre. You freeze the ogre.
The warg bites you but does no damage. 😕 HP[+1]
You now have 119 max hp (+1).
You slice the ogre!! You freeze the ogre!
You kill the ogre!
You hit the warg. You freeze the warg. The warg closely misses you. 😎 HP[+1]
Your hp is fully restored (119).
You slash the warg! You freeze the warg.
You kill the warg!
No reachable target in view!
Unknown command.
An orc warrior comes into view. It is wielding a +0 mace.
You see here a warg corpse.
The orc warrior shouts!
You hear a shout! x2
An orc warrior and 2 orcs come into view.
An orc is wielding a +0 whip of venom.
The orc warrior shouts!
The orc shouts! x2
The orc warrior closely misses you.
An orc comes into view. It is wielding a +4 flail.
The orc moves out of view.
Things that are here:
a +0 short sword; a +0 chain mail; an orc corpse An orc comes into view.
It is wielding a +0 club.
The orc shouts!
You hear a shout!
An orc comes into view. It is wielding a +0 dagger.
You block the orc warrior's attack.
An ogre and an orc come into view.
The orc shouts!
The orc warrior hits you with a +0 mace.
The ogre moves out of view. 😕 HP[-4]
You take 4 damage, and now have 115/119 hp.
You hit the orc warrior. You freeze the orc warrior.
The orc warrior hits you but does no damage. 😕 HP[+1]
You barely miss the orc warrior. You barely miss the orc. You hit the orc.
You freeze the orc.
You barely miss the orc warrior. 😕 HP[+1] Unknown command.
You slice the orc!! You freeze the orc.
You kill the orc!
You slash the orc! You freeze the orc.
You kill the orc!
You hit the orc warrior. You freeze the orc warrior.
You hit the orc warrior but do no damage.
The orc warrior hits you but does no damage. x2
You slash the orc warrior! You freeze the orc warrior.
You slice the orc warrior!! You freeze the orc warrior.
You kill the orc warrior!
You hit the orc. You freeze the orc.
The orc warrior closely misses you. 😎 HP[+2]
Your hp is fully restored (119).
You hit the orc warrior. You freeze the orc warrior. You slash the orc!
You freeze the orc.
You kill the orc!
You slash the orc! You freeze the orc.
You kill the orc!
You hit the orc but do no damage. The orc hits you but does no damage.
The orc warrior hits you but does no damage.
You hit the orc warrior but do no damage.
You slice the orc!! You freeze the orc.
You kill the orc!
You slash the orc! You freeze the orc.
You kill the orc!
You hit the orc warrior but do no damage.
The orc warrior hits you with a +0 mace. 😕 HP[-1]
You take 1 damage, and now have 118/119 hp.
You closely miss the orc warrior. You hit the ogre but do no damage.
The orc warrior closely misses you.
The ogre hits you with a +0 giant club. 😕 HP[-1]
You take 1 damage, and now have 117/119 hp.
You slash the orc warrior! You freeze the orc warrior.
You kill the orc warrior!
You slash the ogre!
You freeze the ogre. 😕 HP[+1] Unknown command.
You hit the ogre but do no damage. The ogre barely misses you.
Things that are here:
a +0 mace; a +0 plate armour; an orc corpse 😎 HP[+1]
Your hp is fully restored (119).
The ogre hits you with a +0 giant club!! 😕 HP[-20]
You take 20 damage, and now have 99/119 hp.
You slice the ogre!! You freeze the ogre.
You kill the ogre! 😕 HP[+1] Unknown command.
No target in view!
No target in view! 😕 HP[+11]
You regained 11 hp, and now have 111/119 hp. 😎 HP[+8]
Your hp is fully restored (119).
There is an entrance to Wegy's Jewellery Boutique here.
Are you sure you want to abandon this character and quit the game? (Confirm with "yes".)

Skill      XL: |  1  2  3  4  5  6  7  8  9 10 11 12 13 14 15 |
---------------+----------------------------------------------+-----
Axes           | 3 4 6 8 10 11 12 14 | 14.9
Armour         | 4 5 6 7 11 12 13 14 16 18 | 18.6
Fighting       | 8 9 11 13 15 | 15.2
Spellcasting   | 8 |  8.1
Translocations | 4 5 |  5.6
Air Magic      | 3 |  3.3
Shields        | |  3.6

Action                     |  1- 3 |  4- 6 |  7- 9 | 10-12 | 13-15 || total
---------------------------+-------+-------+-------+-------+-------++-------
  Melee: War axe           |    53 |    14 |    36 |   445 |   675 ||  1223
         Hand axe          |       |   133 |   144 |       |       ||   277
   Cast: Vhi's Electric Ch |       |       |       |       |     4 ||     4
 Invoke: Curse Item        |       |       |     2 |     3 |     1 ||     6
    Use: Scroll            |       |     2 |     8 |     1 |     5 ||    16
         Potion            |       |       |     3 |     2 |     3 ||     8
   Stab: Petrified         |       |       |       |       |     7 ||     7
 Armour: Scale mail        |    27 |     8 |       |       |       ||    35
         Plate armour      |       |    48 |    94 |   232 |   450 ||   824
  Dodge: Dodged            |    40 |    53 |    44 |   177 |   300 ||   614
  Block: Buckler           |    23 |    35 |    29 |   111 |   196 ||   394

Levels and vault maps discovered:
D:1:      lemuel_arrival_rhombus, layout_basic, nicolae_grassy_gnolls
D:2:      layout_basic, nicolae_ecumenical_pavilion
D:3:      layout_basic
D:4:      layout_basic, kennysheep_mini, fedhas_altar_3, gammafunk_ghost_smash,
          st_stairs_2, kennysheep_another_room, solitary_fountain
D:5:      layout_cave_pools, mainiacjoe_overflow_paths,
          mainiacjoe_overflow_small_starburst, mainiacjoe_overflow_boulevard,
          uniq_eustachio, uniq_sigmund, uniq_duvessa
D:6:      layout_cave_pods, grunt_gozag_statues, marbit_many_paths,
          kb_xom_exploding_sheep, temple_fountains
D:7:      layout_loops_ring, kiku_gazebo_garden_becter, lemuel_round_altar,
          enter_ossuary_1, kennysheep_pointless_box, minmay_checkerbox,
          uniq_crazy_yiuf_cottage
D:8:      layout_cave_pools, mainiacjoe_overflow_tiny_flanked,
          dpeg_lair_monsters, serial_shops, nicolae_shop_window_shopping,
          patterned_corridor, uniq_grum
D:9:      layout_roguey, mainiacjoe_overflow_catwalk, uniq_gastronok
D:10:     layout_roguey, cheibriados_altar_1, tso_altar,
          mainiacjoe_overflow_surrounded_room, orc_david_3,
          nicolae_trove_entry_free_sample
Lair:1:   layout_cave_pods, gauntlet_entry_generic, infiniplex_staircase_pool_2
Lair:2:   layout_chaotic_city, shoals_dummy_entry, guppyfry_snake_entry_island,
          roderic_batcave, nzn_masters_of_martial_movement, lemuel_fruit_fields
Lair:3:   layout_cave_pods, kennysheep_snail_temple
Lair:4:   layout_gridlike, uniq_snorg
Lair:5:   evilmike_catoblepas_cave, layout_small_grid,
          minmay_slime_entry_pillars, lemuel_fruit_fields
Snake:1:  layout_rooms
Orc:1:    layout_caves, uniq_josephine
Orc:2:    grunt_orc_gardens, layout_caves, grunt_orc_garden, grunt_orc_garden,
          grunt_orc_garden, grunt_orc_garden, special_room, ebering_ghost_xom,
          serial_shops, nicolae_diamond_shop

Notes
Turn   | Place    | Note
-------+----------+-------------------------------------------
     0 | D:1      | ytrimaz the Meteoran Fighter began the quest for the Orb.
     0 | D:1      | Reached XP level 1. HP: 19/19 MP: 2/2
     0 | D:1      | magus.rc [v1.9.6]
    36 | D:1      | Reached XP level 2. HP: 24/26 MP: 3/3
    53 | D:1      | Reached skill level 3 in Axes
   176 | D:1      | Reached skill level 4 in Armour
   184 | D:1      | Reached XP level 3. HP: 22/31 MP: 4/4
   284 | D:1      | Reached skill level 4 in Axes
   284 | D:1      | Reached XP level 4. HP: 32/38 MP: 5/5
   479 | D:1      | Glimpsed the power of Zot.
   491 | D:2      | Found a faded altar of an unknown god.
  1072 | D:2      | Glimpsed the power of Zot.
  1250 | D:3      | Reached XP level 5. HP: 45/45 MP: 6/6
  1538 | D:3      | Reached skill level 5 in Axes
  1668 | D:3      | Glimpsed the power of Zot.
  1798 | D:4      | Noticed Pimp's ghost (amateur HOFi)
  1798 | D:4      | Identified the +2 giant club of the Blessed Realm
                  | {antimagic, Dex+4}
  1798 | D:4      | Noticed an ogre
  1799 | D:4      | Found a transporter.
  1908 | D:4      | Found a hide-covered altar of Uskayaw.
  2100 | D:4      | Reached skill level 5 in Armour
  2251 | D:4      | Found a blossoming altar of Fedhas.
  2265 | D:4      | Glimpsed the power of Zot.
  2292 | D:5      | Entered Level 5 of the Dungeon
  2292 | D:5      | Found a stormy altar of Qazlal.
  2323 | D:5      | Noticed Sigmund
  2340 | D:5      | Killed Sigmund
  2341 | D:5      | Reached skill level 6 in Axes
  2341 | D:5      | Reached XP level 6. HP: 47/51 MP: 7/7
  2341 | D:5      | Reached XP level 7. HP: 52/57 MP: 8/8
  2356 | D:5      | Found a broken altar of Ashenzari.
  2372 | D:5      | Became a worshipper of Ashenzari the Shackled
  2384 | D:5      | Reached skill level 7 in Axes
  2408 | D:5      | Reached skill level 6 in Armour
  2408 | D:5      | Noticed Dowan
  2409 | D:5      | Noticed Duvessa
  2440 | D:5      | Killed Duvessa
  2446 | D:5      | Killed Dowan
  2447 | D:5      | Reached skill level 8 in Axes
  2447 | D:5      | Reached XP level 8. HP: 50/63 MP: 9/9
  2522 | D:5      | Noticed Eustachio
  2545 | D:5      | Killed Eustachio
  2546 | D:5      | Reached skill level 9 in Axes
  2546 | D:5      | Reached skill level 7 in Armour
  2761 | D:6      | Found a staircase to the Ecumenical Temple.
  2778 | D:6      | Reached skill level 10 in Axes
  2778 | D:6      | Gained mutation: You passively map the area around you.
                  | [Meteoran growth]
  2778 | D:6      | Reached XP level 9. HP: 42/70 MP: 10/10
  2836 | D:6      | Reached skill level 8 in Armour
  2860 | D:6      | Found an opulent altar of Gozag.
  3053 | D:6      | You pick up a book of Minor Magic and begin reading...
  3053 | D:6      | You add the spells Magic Dart, Call Imp and Mephitic Cloud
                  | to your library.
  3090 | D:6      | You pick up a book of Touch and begin reading...
  3090 | D:6      | You add the spells Kiss of Death, Confusing Touch and
                  | Dispel Undead to your library.
  3167 | D:6      | Noticed a dream sheep
  3167 | D:6      | Noticed a dream sheep
  3167 | D:6      | Noticed a dream sheep
  3167 | D:6      | Noticed a dream sheep
  3167 | D:6      | Noticed a dream sheep
  3167 | D:6      | Found a shimmering altar of Xom.
  3171 | D:6      | Killed a dream sheep
  3171 | D:6      | Killed a dream sheep
  3171 | D:6      | Killed a dream sheep
  3171 | D:6      | Killed a dream sheep
  3172 | D:6      | Killed a dream sheep
  3197 | D:6      | Reached skill level 11 in Axes
  3252 | D:6      | Found a radiant altar of Vehumet.
  3262 | D:6      | Reached * piety under Ashenzari
  3262 | D:6      | Identified a potion of experience
  3392 | D:6      | Reached skill level 8 in Fighting
  3392 | D:6      | Reached skill level 11 in Armour
  3392 | D:6      | Reached skill level 8 in Spellcasting
  3392 | D:6      | Reached XP level 10. HP: 91/91 MP: 10/23
  3474 | D:6      | Glimpsed the power of Zot.
  3538 | D:7      | Found a sand-covered staircase.
  3558 | Ossuary  | Entered an ossuary
  3744 | Ossuary  | Reached skill level 12 in Armour
  3855 | D:7      | Reached ** piety under Ashenzari
  3875 | D:7      | Found a burning altar of Makhleb.
  4057 | D:7      | You pick up a book of Spectacle and begin reading...
  4057 | D:7      | You add the spells Volatile Blastmotes, Dazzling Flash,
                  | Iskenderun's Mystic Blast and Starburst to your library.
  4086 | D:7      | Reached skill level 12 in Axes
  4196 | D:7      | Reached XP level 11. HP: 85/97 MP: 25/25
  4202 | D:7      | Found an ancient bone altar of Kikubaaqudgha.
  4249 | D:7      | Identified the amulet of the Peasants {Contam Drain Regen+
                  | Str+9 Dex+8}
  4251 | D:7      | Identified the +3 ring mail of Pessimism {Int+6}
  4359 | D:7      | Glimpsed the power of Zot.
  4409 | D:7      | Glimpsed the power of Zot.
  4475 | D:8      | Noticed a two-headed ogre
  4494 | D:8      | HP: 14/97 [two-headed ogre/+0 dire flail (20)]
  4500 | D:8      | Killed a two-headed ogre
  4503 | D:8      | HP: 19/97 [gnoll sergeant/+0 spear (8)]
  4504 | D:8      | HP: 8/97 [gnoll sergeant/+0 spear (6)]
  4531 | D:8      | Noticed a death yak
  4531 | D:8      | Noticed a death yak
  4548 | D:8      | Noticed a death yak
  4548 | D:8      | Noticed a death yak
  4562 | D:7      | Killed a death yak
  4601 | D:7      | Killed a death yak
  4602 | D:7      | Reached skill level 13 in Axes
  4603 | D:8      | Noticed a death yak
  4626 | D:7      | Killed a death yak
  4660 | D:7      | Killed a death yak
  4661 | D:7      | Reached skill level 13 in Armour
  4674 | D:8      | Killed a death yak
  4675 | D:8      | Reached skill level 14 in Axes
  4682 | D:8      | Found Tinu's Magic Scroll Emporium.
  4697 | D:8      | Found a staircase to the Lair.
  4699 | D:8      | Noticed Grum
  4714 | D:8      | Killed Grum
  4835 | D:8      | Reached XP level 12. HP: 92/104 MP: 26/26
  4899 | D:8      | Found a shimmering blue altar of Sif Muna.
  4979 | D:8      | Glimpsed the power of Zot.
  5029 | D:8      | Glimpsed the power of Zot.
  5057 | Lair:1   | Entered Level 1 of the Lair of Beasts
  5062 | Lair:1   | Found a gate leading to a gauntlet.
  5069 | Lair:1   | You fall into a shaft and drop 1 floor!
  5076 | Lair:2   | Found a staircase to the Shoals.
  5178 | Lair:2   | Found a hide-covered altar of Uskayaw.
  5179 | Lair:2   | Noticed a boulder beetle
  5182 | Lair:2   | You pick up a book of Displacement and begin reading...
  5182 | Lair:2   | You add the spells Lesser Beckoning, Gell's Gravitas and
                  | Teleport Other to your library.
  5183 | Lair:2   | Found an ornate altar of the Wu Jian Council.
  5219 | Lair:1   | Reached skill level 14 in Armour
  5653 | Lair:2   | Reached skill level 1 in Translocations
  5659 | Lair:2   | Reached skill level 2 in Translocations
  5716 | Lair:2   | Reached skill level 3 in Translocations
  5739 | Lair:2   | Found a staircase to the Snake Pit.
  6052 | Lair:2   | Reached *** piety under Ashenzari
  6088 | Lair:2   | Killed a boulder beetle
  6181 | Lair:2   | Glimpsed the power of Zot.
  6186 | Lair:3   | Noticed a death yak
  6186 | Lair:3   | Noticed a death yak
  6186 | Lair:3   | Noticed a death yak
  6186 | Lair:3   | Noticed a death yak
  6198 | Lair:3   | Killed a death yak
  6199 | Lair:3   | Reached skill level 9 in Fighting
  6207 | Lair:3   | Killed a death yak
  6208 | Lair:3   | Reached skill level 4 in Translocations
  6216 | Lair:3   | Killed a death yak
  6217 | Lair:3   | Reached XP level 13. HP: 81/115 MP: 27/27
  6226 | Lair:3   | Killed a death yak
  6244 | Lair:3   | Reached skill level 5 in Translocations
  6254 | Lair:3   | Reached skill level 15 in Armour
  6289 | Lair:3   | You pick up a book of the Earth and begin reading...
  6289 | Lair:3   | You add the spells Leda's Liquefaction, Lee's Rapid
                  | Deconstruction and Statue Form to your library.
  6296 | Lair:3   | You pick up a book of Lightning and begin reading...
  6296 | Lair:3   | You add the spells Vhi's Electric Charge, Arcjolt and
                  | Plasma Beam to your library.
  6423 | Lair:3   | Reached skill level 10 in Fighting
  6655 | Lair:3   | Found a snail-covered altar of Cheibriados.
  6684 | Lair:3   | magus.rc [v1.9.6]
  6798 | Lair:3   | Glimpsed the power of Zot.
  6849 | Lair:3   | Glimpsed the power of Zot.
  6904 | Lair:4   | Identified a scroll of acquirement
  6926 | Lair:4   | Acquired the +0 cloak of Hixtiet {rF+ rN+ Slay+2 Stlth+}
  7082 | Lair:4   | Noticed Snorg
  7093 | Lair:4   | Killed Snorg
  7094 | Lair:4   | Reached skill level 11 in Fighting
  7098 | Lair:4   | Reached skill level 16 in Armour
  7239 | Lair:4   | You pick up a book of Burglary and begin reading...
  7239 | Lair:4   | You add the spells Passwall, Ensorcelled Hibernation and
                  | Swiftness to your library.
  7243 | Lair:4   | Reached **** piety under Ashenzari
  7422 | Lair:4   | Glimpsed the power of Zot.
  7448 | Lair:5   | Entered Level 5 of the Lair of Beasts
  7585 | Lair:5   | Reached XP level 14. HP: 133/133 MP: 29/29
  7593 | Lair:5   | Found a staircase to the Slime Pits.
  7602 | Lair:5   | You pick up a book of Debilitation and begin reading...
  7602 | Lair:5   | You add the spells Slow and Vampiric Draining to your
                  | library.
  7608 | Lair:5   | Learned a level 3 spell: Vhi's Electric Charge
  7610 | Lair:5   | Found a viscous altar of Jiyva.
  7619 | Lair:5   | Reached skill level 1 in Air Magic
  7625 | Lair:5   | Reached skill level 2 in Air Magic
  7671 | Lair:5   | Reached skill level 12 in Fighting
  7671 | Lair:5   | Reached skill level 3 in Air Magic
  7751 | Lair:5   | Reached skill level 17 in Armour
  7751 | Lair:5   | HP: 23/135 [death yak (16)]
  7908 | Lair:5   | Reached skill level 13 in Fighting
  8087 | Lair:5   | Glimpsed the power of Zot.
  8117 | Lair:5   | Reached skill level 18 in Armour
  8124 | Lair:5   | Reached XP level 15. HP: 129/145 MP: 30/30
  8145 | Lair:5   | Glimpsed the power of Zot.
  8186 | Lair:4   | Glimpsed the power of Zot.
  8195 | Lair:3   | Touched by the power of Zot.
  8374 | Lair:2   | Glimpsed the power of Zot.
  8383 | Snake:1  | Entered Level 1 of the Snake Pit
  8415 | Snake:1  | HP: 26/115 [constriction (4)]
  8418 | Snake:1  | HP: 11/115 [naga warrior/+0 short sword (4)]
  8419 | Snake:1  | Reached skill level 14 in Fighting
  8424 | Snake:1  | HP: 26/115 [salamander/+0 halberd (5)]
  8440 | Snake:1  | HP: 26/116 [poisoned by a naga warrior (splash of poison)]
  8445 | Lair:2   | HP: 27/116 [poisoned by a naga warrior (splash of poison)]
  8481 | Lair:1   | Glimpsed the power of Zot.
  8715 | D:9      | Noticed Gastronok
  8727 | D:9      | Killed Gastronok
  8770 | D:9      | Found a sacrificial altar of Ru.
  8933 | D:9      | Glimpsed the power of Zot.
  8940 | D:10     | Entered Level 10 of the Dungeon
  8949 | D:10     | Found a portal to a secret trove of treasure.
  9018 | D:10     | This trove needs 15 scrolls of teleportation to function.
                  | Give it the items?
  9083 | D:10     | Found a staircase to the Orcish Mines.
  9084 | D:10     | Found Tuetamov's Armour Boutique.
  9130 | Orc:1    | Entered Level 1 of the Orcish Mines
  9238 | Orc:2    | Entered Level 2 of the Orcish Mines
  9241 | Orc:2    | Found Diotu's General Store.
  9381 | Orc:2    | Reached skill level 15 in Fighting
  9386 | Orc:2    | Found Ochuro's Antique Weapon Emporium.
  9466 | Orc:2    | Found a runed translucent door.
  9467 | Orc:2    | Found a shimmering altar of Xom.
  9467 | Orc:2    | Noticed patfeehan111222's ghost (journeyman DsBe)
  9467 | Orc:2    | Identified the staff of fire "Pisowit" {rF+ rN+ Stlth+}
  9470 | Orc:2    | Found Wegy's Jewellery Boutique.
  9511 | Orc:2    | Quit the game

Vanquished Creatures
  Gastronok (D:9)
  Snorg (Lair:4)
  4 catoblepae (Lair:5)
  A two-headed ogre (D:8)
  A boulder beetle (Lair:2)
  2 naga warriors (Snake:1)
  14 death yaks
  A naga sharpshooter (Snake:1)
  3 orc high priests (Orc:2)
  A salamander (Snake:1)
  2 manticores (Lair:5)
  2 orc sorcerers (Orc:2)
  A cyclops (Orc:2)
  A naga mage (Snake:1)
  20 elephants
  A guardian serpent (Snake:1)
  5 black mambas
  2 torpor snails (Lair:3)
  6 cane toads
  An unseen horror (D:9)
  3 rime drakes
  4 komodo dragons
  2 polar bears
  2 hornets (D:7)
  7 dream sheep (Lair:5)
  21 blink frogs
  A slime creature (Lair:5)
  Sigmund (D:5)
  27 yaks
  A wraith (D:6)
  Eustachio (D:5)
  4 wyverns
  Grum (D:8)
  A steam dragon (D:6)
  A naga (Snake:1)
  2 wargs (Orc:2)
  Duvessa (D:5)
  10 water moccasins
  2 black bears
  2 sky beasts
  17 orc warriors
  28 wolves
  6 ogres
  A centaur (D:5)
  A kobold brigand (D:7)
  7 bullfrogs
  A gnoll sergeant (D:8)
  2 scorpions (D:6)
  Dowan (D:5)
  5 killer bees (D:8)
  2 howler monkeys
  3 centaur zombies (Ossuary)
  A human zombie (Ossuary)
  8 jellies
  A hound (D:5)
  5 orc priests
  A gnoll bouda (D:7)
  A sleepcap (D:6)
  4 iguanas
  12 orc wizards
  2 ogre zombies (Ossuary)
  5 mummies (Ossuary)
  12 gnolls
  4 adders
  A shadow imp (D:6)
  A white imp (D:7)
  An ufetubus (D:6)
  3 worms
  3 dart slugs
  59 orcs
  9 ball pythons
  5 bats
  10 endoplasms
  5 giant cockroaches
  3 goblins
  8 hobgoblins
  6 quokkas
  2 frilled lizards
  2 goblin zombies (Ossuary)
  8 kobolds
  A kobold zombie (Ossuary)
  3 quokka zombies (Ossuary)
  3 rats
  6 rat zombies (Ossuary)
  A butterfly (Lair:2)
434 creatures vanquished.

Vanquished Creatures (others)
  5 dream sheep (D:6)
5 creatures vanquished.

Grand Total: 439 creatures vanquished

Table legend:
 A = Non-vault XP
 B = Vault XP
 C = Vault XP percentage of total XP
 D = Non-vault monster count
 E = Vault monster count
 F = Vault count percentage of total count
                 A         B        C        D         E       F
            +---------+---------+-------+---------+---------+-------
      Total |   48514 |   25921 |  34.8 |     334 |      99 |  22.9
            +---------+---------+-------+---------+---------+-------
        D:1 |      56 |      14 |  20.0 |      24 |       1 |   4.0
        D:2 |      25 |       0 |   0.0 |      17 |       0 |   0.0
        D:3 |      51 |       0 |   0.0 |      12 |       0 |   0.0
        D:4 |      36 |      38 |  51.4 |      11 |       2 |  15.4
        D:5 |     656 |     649 |  49.7 |      30 |       4 |  11.8
        D:6 |    1187 |       8 |   0.7 |      20 |       1 |   4.8
        D:7 |    1146 |    3598 |  75.8 |      26 |       9 |  25.7
        D:8 |    1477 |    1369 |  48.1 |      17 |       5 |  22.7
        D:9 |     943 |    1502 |  61.4 |       9 |       1 |  10.0
       D:10 |       0 |      15 | 100.0 |       0 |       5 | 100.0
     Lair:1 |    1025 |       0 |   0.0 |       6 |       0 |   0.0
     Lair:2 |    6116 |     825 |  11.9 |      23 |       1 |   4.2
     Lair:3 |    7877 |     804 |   9.3 |      27 |       2 |   6.9
     Lair:4 |    4150 |     906 |  17.9 |      21 |       1 |   4.5
     Lair:5 |   16913 |   10652 |  38.6 |      50 |      26 |  34.2
    Snake:1 |    4965 |       0 |   0.0 |       9 |       0 |   0.0
      Orc:1 |      47 |       0 |   0.0 |       3 |       0 |   0.0
      Orc:2 |    1844 |    5197 |  73.8 |      29 |      18 |  38.3
    Ossuary |       0 |     344 | 100.0 |       0 |      23 | 100.0
            +---------+---------+-------+---------+---------+-------

Skill      XL: |  1  2  3  4  5  6  7  8  9 10 11 12 13 14 15 |
---------------+----------------------------------------------+-----
Axes           | 3 4 6 8 10 11 12 14 | 14.9
Armour         | 4 5 6 7 11 12 13 14 16 18 | 18.6
Fighting       | 8 9 11 13 15 | 15.2
Spellcasting   | 8 |  8.1
Translocations | 4 5 |  5.6
Air Magic      | 3 |  3.3
Shields        | |  3.6

Action                     |  1- 3 |  4- 6 |  7- 9 | 10-12 | 13-15 || total
---------------------------+-------+-------+-------+-------+-------++-------
  Melee: War axe           |    53 |    14 |    36 |   445 |   675 ||  1223
         Hand axe          |       |   133 |   144 |       |       ||   277
   Cast: Vhi's Electric Ch |       |       |       |       |     4 ||     4
 Invoke: Curse Item        |       |       |     2 |     3 |     1 ||     6
    Use: Scroll            |       |     2 |     8 |     1 |     5 ||    16
         Potion            |       |       |     3 |     2 |     3 ||     8
   Stab: Petrified         |       |       |       |       |     7 ||     7
 Armour: Scale mail        |    27 |     8 |       |       |       ||    35
         Plate armour      |       |    48 |    94 |   232 |   450 ||   824
  Dodge: Dodged            |    40 |    53 |    44 |   177 |   300 ||   614
  Block: Buckler           |    23 |    35 |    29 |   111 |   196 ||   394

Illustrated notes

Table legend:
 A = Kills in this place as a percentage of kills in the entire game.
 B = Kills by you in this place as a percentage of kills by you in the entire game.
 C = Kills by friends in this place as a percentage of kills by friends in the entire game.
 D = Other kills in this place as a percentage of other kills in the entire game.
 E = Experience gained in this place as a percentage of experience gained in the entire game.
 F = Experience gained in this place divided by the number of levels of this place that you have seen.
                   A       B       C       D       E      F
               +-------+-------+-------+-------+-------+----------------------
         Total | 100.0 | 100.0 |   N/A |   N/A | 100.0 | 3917.6
       Dungeon |  44.8 |  44.8 |   N/A |   N/A |  17.2 | 1277.0
          Lair |  36.3 |  36.3 |   N/A |   N/A |  66.2 | 9853.6
     Snake Pit |   2.1 |   2.1 |   N/A |   N/A |   6.7 | 4965.0
  Orcish Mines |  11.5 |  11.5 |   N/A |   N/A |   9.5 | 3544.0
       Ossuary |   5.3 |   5.3 |   N/A |   N/A |   0.5 | 344.0
               +-------+-------+-------+-------+-------+----------------------

Table legend: (Time is in decaauts)
 A = Elapsed time spent in this place.
 B = Non-inter-level travel time spent in this place.
 C = Inter-level travel time spent in this place.
 D = Time resting spent in this place.
 E = Time spent auto-exploring this place.
 F = Levels seen in this place.
 G = Mean time per level.
                   A        B        C        D        E       F      G
               +--------+--------+--------+--------+--------+-----+--------+
         Total |   9320 |   8931 |    389 |    103 |   5646 |  19 |  490.5 |
       Dungeon |   5494 |   5321 |    173 |     99 |   3610 |  10 |  549.4 |
          Lair |   3156 |   2940 |    216 |      4 |   1734 |   5 |  631.2 |
     Snake Pit |     49 |     49 |      0 |      0 |      0 |   1 |   49.0 |
  Orcish Mines |    346 |    346 |      0 |      0 |    158 |   2 |  173.0 |
       Ossuary |    274 |    274 |      0 |      0 |    143 |   1 |  274.0 |
               +--------+--------+--------+--------+--------+-----+--------+

Top non-repeatable levels by time:
     D:7: 738 daAuts
     D:6: 727 daAuts
  Lair:2: 683 daAuts
  Lair:3: 674 daAuts
     D:8: 650 daAuts
  Lair:5: 638 daAuts
     D:4: 615 daAuts
     D:3: 600 daAuts
     D:2: 598 daAuts
  Lair:4: 585 daAuts
  Lair:1: 575 daAuts
     D:1: 512 daAuts
     D:5: 463 daAuts
     D:9: 400 daAuts
 Ossuary: 274 daAuts
